Map: Deathaura LE

Players

instructor

  • Race: Protoss Protoss
  • League: Silver
  • Spawn Location: 11:00

Iceweaver - Winner!

  • Race: Zerg Zerg
  • League: Bronze
  • Spawn Location: 5:00

VOD

Have the link to the VOD?

Description

Time

  • Played on: June 15, 2020, 1:34 a.m.
  • Length: 21:50
Show
View Real Time Build Order
Export as new Build Order

instructor Protoss 

Build Orders:  

Get SALT Encoding   

  12  0:02  Probe  
  13  0:10  Probe  
  13  0:20  Pylon  
  14  0:31  Probe  
  15  0:43  Probe  
  15  0:49  Forge  
  16  0:55  Probe  
  17  1:07  Probe  
  17  1:09  Pylon  
  18  1:25  Assimilator  
  18  1:28  Photon Cannon  
  18  1:38  Probe  
  18  1:43  Gateway  
  18  1:45  Assimilator  
  18  1:46  Probe  
  18  1:48  Assimilator  
  19  2:21  Probe  
  19  2:29  Probe  
  21  2:38  Cybernetics Core  
  21  2:46  Zealot  
  21  2:47  Nexus  
  23  2:53  Pylon  
  23  3:06  Pylon  
  23  3:07  Probe  
  24  3:13  Zealot  
  24  3:15  Probe  
  24  3:17  Protoss Shields Level 1  
  27  3:40  Zealot  
  29  3:52  Protoss Air Weapons Level 1  
  29  3:55  Twilight Council  
  29  4:07  Zealot  
  31  4:33  Robotics Facility  
  31  4:34  Assimilator, Zealot  
  31  4:36  Probe  
  31  4:37  Probe  
  33  4:44  Probe  
  33  4:45  Probe  
  37  5:01  Stalker  
  37  5:06  Stargate  
  39  5:10  Probe x2  
  45  5:22  Probe x2  
  47  5:30  Charge, Pylon  
  47  5:37  Pylon  
  44  5:42  Probe  
  44  5:50  Zealot  
  46  5:58  Pylon  
  46  5:59  Pylon  
  46  6:00  Pylon  
  46  6:03  Protoss Shields Level 2  
  46  6:15  Stargate  
  46  6:17  Zealot  
  40  6:33  Photon Cannon, Void Ray  
  44  6:44  Pylon  
  44  6:45  Zealot  
  42  6:49  Pylon  
  42  7:11  Stalker  
  44  7:23  Void Ray  
  44  7:29  Protoss Air Armor Level 1  
  48  7:33  Probe  
  48  7:35  Assimilator  
  49  7:45  Probe  
  50  7:58  Blink  
  50  8:05  Stalker  
  52  8:07  Void Ray  
  56  8:19  Probe  
  57  8:20  Pylon, Probe  
  57  8:23  Pylon  
  58  8:34  Void Ray  
  58  8:35  Stalker  
  60  9:00  Stalker  
  54  9:09  Void Ray  
  54  9:21  Cybernetics Core  
  54  9:25  Zealot  
  54  9:28  Probe x2  
  58  9:36  Probe x2  
  54  9:45  Probe x2  
  56  9:52  Stalker  
  60  9:57  Probe  
  61  10:00  Nexus  
  61  10:03  Pylon  
  61  10:05  Pylon  
  61  10:17  Void Ray  
  65  10:22  Stalker  
  71  10:48  Cybernetics Core  
  71  11:00  Void Ray  
  69  11:20  Void Ray  
  69  11:27  Pylon  
  69  11:29  Pylon  
  69  11:30  Pylon  
  69  11:32  Zealot  
  71  11:44  Fleet Beacon, Probe  
  71  11:46  Stargate  
  71  11:48  Stargate, Probe  
  71  11:49  Probe  
  71  11:52  Probe  
  74  11:59  Zealot  
  74  12:00  Probe  
  78  12:01  Probe  
  78  12:03  Void Ray  
  83  12:11  Stargate  
  83  12:13  Probe  
  84  12:16  Stargate  
  84  12:19  Photon Cannon  
  84  12:22  Shield Battery  
  84  12:26  Zealot  
  84  12:29  Unknown  
  86  12:33  Probe  
  87  12:39  Protoss Air Armor Level 2  
  87  12:55  Mothership  
  87  13:00  Protoss Air Weapons Level 2, Stalker  
  97  13:30  Stalker  
  99  13:34  Void Ray  
  99  13:35  Carrier  
  99  13:36  Void Ray  
  99  13:40  Assimilator  
  111  13:53  Probe  
  111  13:54  Assimilator, Probe  
  111  14:00  Stalker  
  111  14:02  Probe x2  
  117  14:22  Warp Gate  
  117  14:40  Stalker, Probe x2  
  117  14:52  Probe x2  
  87  15:19  Void Ray  
  87  15:20  Void Ray x3  
  103  15:48  Pylon  
  103  15:51  Shield Battery  
  103  15:54  Pylon  
  95  17:47  Nexus  
  95  18:08  Fleet Beacon  
  95  18:29  Assimilator  
  95  18:30  Assimilator  
  95  18:31  Pylon  
  95  18:33  Probe, Pylon  
  94  18:34  Pylon  
  94  18:35  Void Ray  
  94  18:36  Void Ray  
  86  18:48  Void Ray  
  86  18:49  Probe  
  70  19:05  Stalker  
  32  19:39  Gateway  
  32  19:41  Gateway  
  18  19:46  Gateway  
  18  19:49  Gateway  
  18  19:51  Gateway  
  14  20:04  Probe  
  14  20:05  Forge  
  14  20:06  Twilight Council  
  14  20:13  Probe  
  16  20:22  Probe  
  17  20:34  Probe  
  18  20:41  Zealot  
  18  20:42  Zealot  
  22  20:43  Zealot x2  
  22  20:46  Probe  
  27  20:59  Probe  
  28  21:11  Probe  
Show
View Real Time Build Order
Export as new Build Order

Iceweaver Zerg - Winner!

Build Orders: Hatch First 

Get SALT Encoding   

  12  0:02  Drone  
  13  0:08  Drone  
  14  0:16  Overlord  
  14  0:36  Drone x2  
  16  0:48  Hatchery  
  15  1:12  Drone x2  
  15  1:13  Drone  
  15  1:15  Extractor  
  17  1:22  Spawning Pool  
  15  2:05  Drone x3  
  15  2:12  Queen  
  15  2:14  Queen  
  19  2:28  Drone  
  19  2:29  Drone x2  
  22  2:44  Spore Crawler  
  22  2:45  Spore Crawler  
  22  2:47  Drone  
  21  3:06  Drone x2  
  21  3:07  Drone  
  21  3:08  Queen  
  26  3:21  Drone x2  
  26  3:24  Overlord  
  28  3:46  Zergling x12  
  28  3:47  Zergling x2  
  35  3:52  Metabolic Boost  
  35  3:57  Evolution Chamber  
  35  3:59  Evolution Chamber  
  33  4:08  Drone  
  33  4:09  Drone  
  35  4:16  Baneling Nest  
  34  4:32  Drone  
  34  4:37  Hatchery  
  34  5:04  Baneling x7  
  34  5:05  Baneling x3  
  34  5:12  Drone x2  
  34  5:13  Extractor  
  35  5:15  Overlord  
  35  5:16  Overlord x3  
  35  5:23  Baneling x2  
  28  5:46  Zergling x2  
  28  5:47  Zergling x16  
  37  5:54  Drone x2  
  37  5:55  Drone x2  
  41  6:03  Drone x2  
  40  6:19  Zergling x14  
  41  6:33  Drone  
  42  6:43  Zergling x10  
  42  6:44  Zergling x4  
  48  6:48  Drone x5  
  53  7:07  Zerg Melee Weapons Level 1, Zerg Ground Armor Level 1  
  53  7:14  Drone x4  
  57  7:25  Baneling  
  57  7:26  Baneling x7  
  56  7:39  Drone x3  
  56  7:40  Drone x3  
  62  7:45  Lair  
  50  8:06  Queen  
  50  8:08  Queen  
  50  8:11  Spore Crawler  
  53  8:16  Drone x3  
  53  8:17  Drone x3  
  53  8:18  Drone, Spore Crawler  
  59  8:27  Overlord x4  
  59  8:36  Zergling x12  
  59  8:37  Zergling x14  
  65  9:06  Queen  
  65  9:09  Queen  
  69  9:12  Queen  
  71  9:18  Zergling x16  
  71  9:19  Spire, Zergling x2  
  77  9:55  Drone x4  
  77  9:56  Drone, Extractor  
  81  10:00  Zergling x16  
  89  10:25  Baneling x8  
  89  10:26  Baneling x19  
  89  10:35  Hatchery  
  88  10:38  Extractor  
  88  10:40  Drone x2  
  89  10:43  Drone x3, Queen  
  89  10:46  Queen  
  89  10:47  Queen  
  78  11:15  Corruptor x3  
  83  11:40  Corruptor  
  83  11:41  Corruptor x2  
  83  11:45  Zergling x6  
  83  11:46  Zergling x20  
  102  11:49  Overlord x2  
  102  11:53  Overlord  
  102  12:01  Queen, Extractor x2  
  101  12:03  Drone x2  
  104  12:14  Corruptor  
  104  12:15  Corruptor x3  
  112  12:33  Zerg Melee Weapons Level 2  
  112  12:44  Drone x2  
  114  13:16  Zerg Flyer Armor Level 1  
  114  13:17  Zerg Ground Armor Level 2  
  114  13:20  Overlord x6  
  114  13:51  Corruptor  
  114  13:52  Corruptor x8  
  132  14:20  Hatchery  
  103  15:09  Corruptor  
  103  15:10  Corruptor x12  
  127  15:21  Corruptor  
  127  15:22  Corruptor  
  127  15:23  Zergling x14  
  137  15:47  Queen  
  137  15:48  Drone  
  137  15:49  Drone  
  141  15:58  Drone x2  
  141  15:59  Drone x4  
  147  16:04  Corruptor  
  147  16:05  Corruptor x6  
  152  16:33  Baneling  
  152  16:34  Baneling x18  
  152  16:36  Baneling  
  132  17:00  Corruptor  
  129  17:01  Corruptor x2  
  133  17:26  Zerg Flyer Weapons Level 1  
  133  17:30  Queen  
  135  17:45  Drone x3  
  135  17:46  Drone x2  
  140  18:05  Queen, Extractor  
  139  18:10  Extractor  
  140  18:37  Hatchery  
  129  18:42  Zergling x2  
  129  18:43  Zergling x50  
  129  18:44  Zergling x16  
  154  19:35  Zergling x14  
  154  19:36  Zergling x14  
  168  20:49  Baneling  
  166  20:50  Baneling x23  
  166  21:09  Extractor  
  165  21:11  Extractor  
Tags
 
Add a new tag
Caveats
  • Supply blocks, unpowered buildings, or Contaminate may cause inaccurate times.
  • Supply counts are checked every 10 seconds.